 Dungeon Crawl Stone Soup version 0.23.1-37-gaa34b87 (webtiles) character file.

Game seed: 11831682698736443662

742 night the Slasher (level 8, -16/52 HPs)
             Began as a Halfling Fighter on Mar 20, 2019.
             Was an Initiate of Gozag.
             Demolished by an ogre
             ... wielding a +0 giant club
              (21 damage)
             ... on level 6 of the Dungeon.
             The game lasted 00:19:49 (6642 turns).

night the Slasher (Halfling Fighter)                Turns: 6642, Time: 00:19:50

Health: -16/52     AC:  6    Str: 18    XL:     8   Next: 5%
Magic:  8/8        EV:  9    Int:  7    God:    Gozag
Gold:   366        SH: 11    Dex: 14    Spells: 7/7 levels left

rFire    . . .     SeeInvis .   a - +0 long sword
rCold    . . .     Gourm    .   c - +0 shield
rNeg     . . .     Faith    .   m - +0 scale mail
rPois    .         Spirit   .   (no helmet)
rElec    .         Reflect  .   (no cloak)
rCorr    .         Harm     .   (no gloves)
MR       .....                  (no boots)
Stlth    ..........             l - amulet of magic regeneration
HPRegen  0.17/turn              (no ring)
MPRegen  0.36/turn              (no ring)

@: gold aura
A: small, mutation resistance 1
a: Potion Petition, Call Merchant, Bribe Branch, Renounce Religion


You were on level 6 of the Dungeon.
You worshipped Gozag.
Gozag was aware of your devotion.
You were near starving.

You visited 2 branches of the dungeon, and saw 7 of its levels.

You collected 432 gold pieces.
You paid 66 gold pieces to Gozag.

Inventory:

Hand Weapons
 a - a +0 long sword (weapon)
 b - a +3 hunting sling
 g - a +1 dagger of speed
 y - a +1 short sword of speed
Missiles
 e - 97 stones (quivered)
 s - 48 sling bullets
Armour
 c - a +0 shield (worn)
 m - a +0 scale mail (worn)
 z - a cursed +0 ring mail
Jewellery
 l - an amulet of magic regeneration (around neck)
 A - a cursed -2 ring of dexterity {unknown}
Scrolls
 h - a scroll of remove curse {unknown}
 n - 2 scrolls of magic mapping
 o - 2 scrolls of amnesia {unknown}
 u - 5 scrolls of identify
 x - a scroll of teleportation
 C - a scroll of fear {unknown}
Potions
 d - 2 potions of might
 i - 2 potions of flight {unknown}
 j - 2 potions of invisibility
 k - 3 potions of resistance {unknown}
 p - 3 potions of haste
 q - a potion of degeneration {unknown}
 r - a potion of agility {unknown}
 v - a potion of mutation {unknown}
 w - 2 potions of brilliance {unknown}
 B - a potion of heal wounds {unknown}
Comestibles
 f - 5 rations


   Skills:
 - Level 3.0 Fighting
 * Level 7.0 Long Blades
 - Level 3.2 Armour
 + Level 6.1 Shields


You had 7 spell levels left.
You didn't know any spells.
Your spell library was empty.

Dungeon Overview and Level Annotations

Branches:
Dungeon (6/15)             Temple (1/1) D:4

Altars:
Ashenzari
Cheibriados
Dithmenos
Elyvilon
Fedhas
Gozag
Hepliaklqana
Kikubaaqudgha
Makhleb
Nemelex Xobeh
Okawaru
Qazlal
Ru
Sif Muna
Trog
Wu Jian
Xom
Yredelemnul
Zin
The Shining One

Shops:
D:5 ?   D:6 *


Innate Abilities, Weirdness & Mutations

You are small and have problems with some larger weapons.
You are somewhat resistant to further mutation.


Message History

The ogre is moderately wounded.
The centaur zombie barely misses you.
The centaur shoots an arrow.
You block the arrow. You block the ogre's attack.
The centaur zombie hits you but does no damage.
You slash the ogre!
The ogre is almost dead.
The centaur shoots an arrow.
You block the arrow.
The centaur zombie hits you but does no damage.
You block the ogre's attack.
The centaur shoots an arrow.
The arrow hits you!
You hit the ogre.
The ogre is almost dead.
The centaur zombie becomes distracted by the nearby gold, dreaming of imaginary riches.
The centaur shoots an arrow.
The arrow hits you but does no damage.
The ogre hits you with a +0 giant club!!
* * * LOW HITPOINT WARNING * * *
You feel better.
The centaur shoots an arrow.
The arrow hits you.
* * * LOW HITPOINT WARNING * * *
The ogre hits you with a +0 giant club!!
You die...
Your body crumbles into a pile of gold.

$ ....... ..#
....... #..##
.......#.∩.∩ #
........... .#.
.........∩ ∩...
...%.....#.....
......Z.......#
.....(.@.c#
...#...O###
#....# .....##
....##. .... ..
..# .. .. ..#


You could see an ogre, a centaur and a centaur zombie.

Vanquished Creatures
  A phantom (D:4)
  A centaur (D:4)
  A bullfrog (D:3)
  A bullfrog zombie (D:5)
  3 hounds
  3 orc priests
  2 bullfrog skeletons
  An orc wizard (D:4)
  9 adders
  A shadow imp (D:5)
  An adder skeleton (D:5)
  6 worms
  A dart slug (D:1)
  5 leopard geckos
  16 orcs
  3 giant cockroaches
  9 hobgoblins
  2 jackals (D:2)
  6 kobolds
  2 quokkas
  8 bats
  6 frilled lizards
  9 goblins
  7 rats
104 creatures vanquished.

Notes
Turn   | Place    | Note
-------+----------+-------------------------------------------
     0 | D:1      | night the Halfling Fighter began the quest for the Orb.
     0 | D:1      | Reached XP level 1. HP: 15/15 MP: 1/1
   125 | D:1      | Reached XP level 2. HP: 20/20 MP: 2/2
   273 | D:1      | HP: 1/20 [kobold/cursed -2 short sword (2)]
   785 | D:1      | Reached XP level 3. HP: 25/25 MP: 3/3
  1575 | D:2      | Reached skill level 3 in Long Blades
  1672 | D:2      | Reached XP level 4. HP: 31/31 MP: 4/4
  2267 | D:3      | Reached XP level 5. HP: 31/36 MP: 5/5
  2293 | D:3      | Reached skill level 4 in Long Blades
  2323 | D:3      | Noticed a bullfrog
  2345 | D:3      | Killed a bullfrog
  2481 | D:3      | Reached XP level 6. HP: 23/42 MP: 6/6
  2666 | D:3      | Reached skill level 5 in Long Blades
  3350 | D:3      | Reached skill level 5 in Shields
  3891 | D:4      | Found a basalt altar of Yredelemnul.
  3959 | D:4      | Reached XP level 7. HP: 15/46 MP: 7/7
  4252 | D:4      | Reached skill level 6 in Long Blades
  4271 | D:4      | Found a staircase to the Ecumenical Temple.
  4276 | Temple   | Entered the Ecumenical Temple
  4423 | Temple   | Became a worshipper of Gozag Ym Sagoz the Greedy
  4888 | D:4      | Found a shimmering altar of Xom.
  4888 | D:4      | Found a sacrificial altar of Ru.
  5131 | D:5      | Entered Level 5 of the Dungeon
  5616 | D:5      | Found a stormy altar of Qazlal.
  5653 | D:5      | HP: 1/46 [phantom (5)]
  5909 | D:5      | Found Qanecod's Magic Scroll Shoppe.
  6028 | D:5      | Reached XP level 8. HP: 52/52 MP: 8/8
  6622 | D:6      | Found Nanoh's General Store.
  6633 | D:5      | Reached skill level 7 in Long Blades
  6641 | D:6      | HP: 2/52 [ogre/+0 giant club (25)]
  6642 | D:6      | Demolished by an ogre

Skill      XL: |  1  2  3  4  5  6  7  8 |
---------------+-------------------------+-----
Fighting       | 3 |  3.0
Long Blades    | 3 4 5 6 7 |  7.0
Shields        | 4 5 6 |  6.1
Armour         | |  3.2

Action                   |  1- 3 |  4- 6 |  7- 9 || total
-------------------------+-------+-------+-------++-------
Melee: Long sword        |    95 |   173 |   160 ||   428
       Dagger            |     7 |    17 |       ||    24
 Fire: Hunting sling     |       |     4 |     9 ||    13
  Use: Scroll            |     2 |       |     3 ||     5
       Potion            |       |       |     3 ||     3
  Eat: Chunk             |     3 |     7 |       ||    10
       Ration            |       |       |     2 ||     2
Armor: Scale mail        |    35 |    64 |    45 ||   144
Dodge: Dodged            |    38 |    84 |    61 ||   183
Block: Shield            |    64 |   113 |   100 ||   277
       Rpst.: Long sword |    12 |    21 |    20 ||    53
